 Dungeon Crawl Stone Soup version 0.28-a0-631-g0446da8ef9 (webtiles) character file.

Game seed: 12484255228136199413

128642 Conn the Eclecticist (level 17, -1/97 HPs)
             Began as an Octopode Fire Elementalist on Oct 10, 2021.
             Was a High Priest of Sif Muna.
             Killed from afar by an ironbound frostheart (22 damage)
             ... by creeping frost
             ... in an ice cave.
             The game lasted 02:52:21 (35025 turns).

Conn the Eclecticist (Octopode Fire Elementalist)  Turns: 35025, Time: 02:52:22

Health: -1/97      AC: 11    Str:  7    XL:     17   Next: 3%
Magic:  48/56      EV: 15    Int: 36    God:    Sif Muna [*****.]
Gold:   1761       SH: 12    Dex: 12    Spells: 5/48 levels left

rFire   + + .      SeeInvis +   b - staff of conjuration
rCold   + . .      Faith    .   l - +2 buckler {AC+3}
rNeg    . . .      Spirit   .   I - +3 hat of Pondering {ponderous, Will+ MP+10 Int+5}
rPois   +          Reflect  +   Q - amulet of reflection
rElec   .          Harm     .   U - ring of protection from cold
rCorr   +          Rampage  .   X - ring of magical power
Will    ++...                   h - ring of wizardry
Stlth   ++++......              i - ring of poison resistance
HPRegen 0.26/turn               n - ring "Gyceqeti" {Wiz rF+ SInv}
MPRegen 0.35/turn               L - +6 ring of intelligence
                                r - ring of Piponohy {rF+ rCorr AC+4}
                                (no ring)

@: slow
A: almost no armour, amphibious, 8 rings, camouflage 1, gelatinous body 1,
(nimble swimmer 1), tentacles
a: Renounce Religion, Channel Magic, Forget Spell, Divine Exegesis


You were in an ice cave.
You worshipped Sif Muna.
Sif Muna was extremely pleased with you.
You visited 7 branches of the dungeon, and saw 28 of its levels.
You also visited: Ice Cave and Volcano.

You collected 6509 gold pieces.
You spent 4748 gold pieces at shops.

Inventory:

Hand Weapons
 a - the +10 short sword "Edau" {vorpal, rN+ Int+3}
   (You found it on level 15 of the Dungeon)

   It inflicts extra damage upon your enemies.
   Int:       It affects your intelligence (+3).
   rN:        It protects you from negative energy.
 s - the +6 mace of Bread {speed, rElec rPois Will+++ Int-5}
   (You found it on level 11 of the Dungeon)

   Attacks with this weapon are significantly faster.
   Int:       It affects your intelligence (-5).
   rElec:     It insulates you from electricity.
   rPois:     It protects you from poison.
   Will:      It greatly increases your willpower.
 P - a +2 dagger of protection
Missiles
 C - 7 throwing nets
 S - 4 curare-tipped darts
Armour
 l - a +2 buckler of protection (worn)
 I - the +3 hat of Pondering (worn) {ponderous, Will+ MP+10 Int+5}
   (You bought it in a shop on level 7 of the Dungeon)

   Int:       It affects your intelligence (+5).
   MP:        It affects your magic capacity (+10).
   Will:      It increases your willpower.
Magical Staves
 b - a staff of conjuration (weapon)
Jewellery
 c - a ring of protection from fire
 g - a +4 ring of evasion
 h - a ring of wizardry (on tentacle)
 i - a ring of poison resistance (on tentacle)
 k - a ring of fire
 n - the ring "Gyceqeti" (on tentacle) {Wiz rF+ SInv}
   (You bought it in a shop on level 2 of the Orcish Mines)

   [ring of wizardry]

   It improves your spell success rate.
   rF:        It protects you from fire.
   SInv:      It lets you see invisible.
 r - the ring of Piponohy (on tentacle) {rF+ rCorr AC+4}
   (You bought it in a shop on level 8 of the Dungeon)

   [ring of protection]

   AC:        It affects your AC (+4).
   rF:        It protects you from fire.
   rCorr:     It protects you from acid and corrosion.
 J - a +4 ring of evasion
 K - the ring "Boit" {Fly rElec Str+6 Int-2 Dex+6}
   (You acquired it on level 14 of the Dungeon)

   [ring of strength]

   Str:       It affects your strength (+6).
   Int:       It affects your intelligence (-2).
   Dex:       It affects your dexterity (+6).
   rElec:     It insulates you from electricity.
   Fly:       It grants you flight.
 L - a +6 ring of intelligence (on tentacle)
 Q - an amulet of reflection (around mantle)
 T - a ring of fire
 U - a ring of protection from cold (left tentacle)
 X - a ring of magical power (right tentacle)
 Z - a +6 ring of dexterity
Wands
 x - a wand of mindburst (4)
 D - a wand of digging (4)
 E - a wand of acid (3)
 N - a wand of charming (10)
 O - a wand of polymorph (7)
 R - a wand of flame (50)
 W - a wand of paralysis (13)
 Y - a wand of iceblast (8)
Scrolls
 f - 2 scrolls of magic mapping
 o - 3 scrolls of amnesia
 p - 4 scrolls of enchant armour
 v - 2 scrolls of fog
 y - 4 scrolls of identify
 A - 3 scrolls of immolation
 B - 9 scrolls of teleportation
Potions
 d - 2 potions of berserk rage
 e - a potion of haste
 j - 4 potions of lignification
 m - 4 potions of curing
 q - 2 potions of heal wounds
 t - 3 potions of ambrosia
 u - 4 potions of flight
 w - 2 potions of attraction
 z - 4 potions of might
 F - 3 potions of cancellation
 G - 2 potions of brilliance
 H - 2 potions of invisibility
 M - 2 potions of mutation


   Skills:
 + Level 2.6 Fighting
 + Level 3.3 Short Blades
 + Level 2.5 Staves
 + Level 5.8 Dodging
 + Level 7.2 Stealth
 + Level 4.3 Shields
 + Level 16.0 Spellcasting
 + Level 11.5 Conjurations
 + Level 5.7 Hexes
 + Level 2.2 Summonings
 + Level 1.1 Translocations
 + Level 1.5 Transmutations
 * Level 15.3 Fire Magic
 + Level 4.2 Ice Magic
 + Level 4.0 Air Magic
 - Level 6.4 Poison Magic
 - Level 9.0 Invocations
 + Level 1.9 Evocations


You had 5 spell levels left.
You knew the following spells:

 Your Spells              Type           Power      Damage    Failure   Level
a - Foxfire               Conj/Fire      100%       2x1d9     0%          1
b - Conjure Flame         Conj/Fire      100%       6-21      0%          3
c - Inner Flame           Hex/Fire       81%        N/A       1%          3
d - Flame Wave            Conj/Fire      100%       3d16      1%          4
e - Scorch                Fire           100%       2d10      0%          2
f - Mephitic Cloud        Conj/Pois/Air  89%        N/A       1%          3
g - Ignition              Fire           48%        3d14      4%          8
h - Olgreb's Toxic Radia  Pois           66%        N/A       1%          4
i - Sticky Flame          Conj/Fire      100%       2d11      1%          4
j - Ignite Poison         Fire/Tmut/Pois 71%        N/A       1%          3
k - Hailstorm             Conj/Ice       91%        3d18      1%          4
l - Iskenderun's Mystic   Conj/Tloc      84%        2d17      1%          4

Your spell library contained the following spells:

 Spells                   Type           Power      Damage    Failure   Level
 Magic Dart               Conj           100%       1d8       0%          1
 Searing Ray              Conj           100%       2d8       0%          2
 Freeze                   Ice            100%       1d11      1%          1
 Shock                    Conj/Air       100%       1d9       1%          1
 Sting                    Tmut/Pois      100%       1d8       1%          1
 Call Imp                 Summ           44%        N/A       1%          2
 Slow                     Hex            63%        N/A       1%          2
 Static Discharge         Conj/Air       91%        N/A       1%          2
 Sublimation of Blood     Necr           14%        N/A       1%          2
 Confusing Touch          Hex            63%        N/A       1%          3
 Dazzling Flash           Conj/Hex       100%       N/A       1%          3
 Frozen Ramparts          Ice            100%       1d12      1%          3
 Swiftness                Air            55%        N/A       1%          3
 Vampiric Draining        Necr           14%        2d8       1%          3
 Airstrike                Air            27%        N/A       1%          4
 Fulminant Prism          Conj/Hex       47%        3d21      1%          4
 Ice Form                 Ice/Tmut       49%        N/A       1%          4
 Summon Ice Beast         Ice/Summ       51%        N/A       1%          4
 Fireball                 Conj/Fire      56%        3d22      1%          5
 Freezing Cloud           Conj/Ice/Air   43%        6-21      1%          5
 Iskenderun's Battlesphe  Conj           100%       2d15      1%          5
 Lightning Bolt           Conj/Air       45%        1d65      1%          5
 Silence                  Hex/Air        29%        N/A       1%          5
 Yara's Violent Unravell  Hex/Tmut       26%        3d11      2%          5
 Agony                    Necr           28%        N/A       10%         5
 Starburst                Conj/Fire      56%        6d15      1%          6
 Conjure Ball Lightning   Conj/Air       45%        3x3d16    2%          6
 Iron Shot                Conj/Erth      40%        9d8       5%          6
 Spellforged Servitor     Conj/Summ      43%        N/A       17%         7
 Death Channel            Necr           14%        N/A       41%         6
 Ozocubu's Refrigeration  Ice            28%        4d10      41%         7
 Haunt                    Necr/Summ      18%        N/A       82%         7
 Death's Door             Necr           14%        N/A       100%        9


Dungeon Overview and Level Annotations

Branches:
Dungeon (15/15)            Temple (1/1) D:7            Lair (6/6) D:10
  Swamp (1/4) Lair:3       Spider (1/4) Lair:2        Slime (2/5) Lair:5
    Orc (2/2) D:11            Elf (0/3) Orc:2        Vaults (0/5) D:14
 Depths (0/4) D:15          IceCv (1/1)             Volcano (visited)

Altars:
Ashenzari
Cheibriados
Fedhas
Hepliaklqana
Kikubaaqudgha
Makhleb
Nemelex Xobeh
Okawaru
Ru
Sif Muna
Trog
Uskayaw
Vehumet
Wu Jian
Yredelemnul
Zin
The Shining One
Beogh
Jiyva

Shops:
D:5 *   D:7 [   D:8 =   D:9 *   D:14 (:?*   Orc:1 *   Orc:2 :*=*

Portals:
Trove: D:10 (give 12 potions of heal wounds)

Annotations:
Lair:5 exclusion: 3 oklob plants IceCv exclusion: orange crystal statue


Innate Abilities, Weirdness & Mutations

You cannot wear most types of armour.
You are amphibious.
You can wear up to eight rings at the same time.
Your skin changes colour to match your surroundings (Stealth+).
Your rubbery body absorbs attacks. (AC +1, EV +1)
((You are camouflaged near water. (Stealth+)))
You have tentacles for arms and can constrict up to eight enemies at once.


Message History

The frost grips you!! You partially resist.
* * * LOW HITPOINT WARNING * * *
Okay, then.
Unknown command.
Unknown command.
Unknown command.
Okay, then.
Unknown command.
Unknown command.
Okay, then.
Okay, then.
You feel much better. The ice encasing you melts away.
The white ugly thing closely misses you.
The polar bear goes berserk!
The ironbound frostheart barely misses you.
An ironbound frostheart comes into view.
Casting: Flame Wave (safe; 1% risk of failure)
Confirm with . or Enter, or press ? or * to list all spells.
Okay, then.
Unknown command.
Casting: Flame Wave (safe; 1% risk of failure)
Confirm with . or Enter, or press ? or * to list all spells.
Casting: Flame Wave (safe; 1% risk of failure)
Press: ? - help, Dir - look around, f - activate You feel a surge of power!
A wave of flame ripples out!
The flame wave engulfs the ironbound frostheart!
The ironbound frostheart is heavily wounded.
The flame wave engulfs the ironbound frostheart!!
The ironbound frostheart is severely wounded.
The flame wave engulfs the polar bear!!
You kill the polar bear!
Sif Muna accepts your kill.
The flame wave engulfs the white ugly thing!!
You kill the white ugly thing!
Sif Muna accepts your kill. (Press . to intensify the flame waves.)
The ironbound frostheart calls freezing cold from the walls.
The frost grips you!! You partially resist.
You die...

##...# ##..# #..#
### ##.# ##.## #..
####...## ##..
##..#.#..### #...
#.p#.###...######.##
#@#.###.#.#.#...#
#.p#!.# ##.#....###
#.# p## ##..#### #.
## #### #


You could see 3 ironbound frosthearts.

Vanquished Creatures
  Rupert (D:12)
  A tentacled monstrosity (Swamp:1)
  Jorgrun (Swamp:1)
  Frances (D:12)
  An acid blob (Slime:1)
  An azure jelly (Slime:2)
  A quicksilver ooze (Slime:2)
  Nessos (D:12)
  Josephine (Orc:1)
  A fire dragon (Lair:6)
  Snorg (Orc:1)
  2 great orbs of eyes
  Harold (Orc:1)
  The ghost of TimeIsEndless the Fighter, a journeyman BaFi of Cheibriados (D:11)
  Erolcha (D:9)
  3 boulder beetles
  2 ogre magi (D:14)
  10 hydras
  2 ironbound frosthearts (IceCv)
  2 ice dragons (IceCv)
  2 catoblepae
  An anaconda (Lair:6)
  Erica (D:8)
  11 centaur warriors
  5 two-headed ogres
  3 death yaks (Lair:6)
  A death knight (D:13)
  Nergalle (Lair:2)
  3 orc high priests (Orc:2)
  A shock serpent (shapeshifter) (D:15)
  Urug (Lair:3)
  Sonja (D:11)
  4 skeletal warriors
  A swamp dragon (Swamp:1)
  2 bog bodies (Swamp:1)
  3 lindwurms (Lair:6)
  A phantasmal warrior (D:13)
  A wizard (D:11)
  Pikel (D:4)
  6 orc knights
  5 deep elf pyromancers
  9 orc sorcerers
  A shining eye (Slime:1)
  A manticore (D:11)
  4 cyclopes
  8 slime creatures
  20 ugly things
  A will-o-the-wisp (Swamp:1)
  A molten gargoyle (Lair:1)
  7 black mambas
  An eye of devastation (Slime:2)
  3 gargoyles
  A smoke demon (Volcano)
  14 cane toads
  An efreet (D:15)
  7 rime drakes
  A kobold demonologist (D:14)
  6 torpor snails
  An unseen horror (D:13)
  3 freezing wraiths
  3 yaktaurs (D:14)
  7 komodo dragons
  A tengu conjurer (D:15)
  A queen bee (shapeshifter) (D:14)
  7 trolls
  2 red devils (Volcano)
  A jumping spider (Lair:2)
  14 polar bears
  3 tyrant leeches (Lair:6)
  Grinder (D:4)
  7 hornets (Lair:6)
  3 raiju (Lair:6)
  10 blink frogs
  5 dream sheep (Lair:6)
  A meliai zombie (D:10)
  2 vampires
  Sigmund (D:2)
  A water elemental (D:12)
  51 yaks
  4 basilisks
  8 wraiths
  2 redbacks (Lair:2)
  4 wyverns
  Grum (D:8)
  4 golden eyes (Slime:2)
  4 steam dragons
  6 vampire mosquitoes
  6 wargs (Lair:6)
  14 two-headed ogre zombies (D:14)
  2 swamp worms (Lair:3)
  13 hell hounds
  3 acid dragons
  14 water moccasins
  An ice beast (D:6)
  11 black bears (Lair:6)
  2 sky beasts (D:7)
  A hornet zombie (D:6)
  26 orc warriors
  9 ogres
  A boggart (D:14)
  26 wolves
  26 centaurs
  3 lemures (D:4)
  2 phantoms
  2 kobold brigands (D:14)
  Blork the orc (D:6)
  A gnoll sergeant (D:11)
  9 bullfrogs
  4 scorpions
  19 killer bees
  2 water moccasin skeletons (D:5)
  12 wights
  5 howler monkeys
  3 centaur zombies
  A hound (D:6)
  8 jellies
  16 orc priests
  Ijyb (D:3)
  21 orc wizards
  4 iguanas
  A howler monkey skeleton (D:5)
  4 gnolls (D:11)
  7 adders
  A white imp (D:6)
  An adder skeleton (D:4)
  2 worms
  A dart slug (D:5)
  69 orcs
  11 endoplasms
  2 giant cockroaches
  3 goblins
  3 hobgoblins
  3 jackals (D:1)
  6 quokkas
  7 ball pythons
  8 bats
  4 frilled lizards
  6 kobolds
  6 rats
  A bush (Lair:6)
749 creatures vanquished.

Vanquished Creatures (collateral kills)
  A hydra (D:12)
  The ghost of Ginteh the Tainter, a journeyman OpVM of Sif Muna (D:13)
  An ugly thing (Volcano)
  An efreet (D:13)
  A water moccasin (Lair:2)
  A killer bee (D:9)
  8 foxfires
14 creatures vanquished.

Vanquished Creatures (others)
  1952 foxfires
  43 fungi
  62 plants
2057 creatures vanquished.

Grand Total: 2820 creatures vanquished

Notes
Turn   | Place    | Note
-------+----------+-------------------------------------------
     0 | D:1      | Conn the Octopode Fire Elementalist began the quest for the
                  | Orb.
     0 | D:1      | Reached XP level 1. HP: 11/11 MP: 3/3
   173 | D:1      | Reached XP level 2. HP: 17/17 MP: 1/5
   750 | D:1      | Reached XP level 3. HP: 21/21 MP: 0/6
  1078 | D:1      | Found a faded altar of an unknown god.
  1645 | D:2      | Reached skill level 1 in Short Blades
  1645 | D:2      | Reached XP level 4. HP: 23/27 MP: 4/7
  1813 | D:2      | Noticed Sigmund
  1825 | D:2      | Killed Sigmund
  1826 | D:2      | Reached skill level 3 in Spellcasting
  1826 | D:2      | Reached XP level 5. HP: 18/32 MP: 0/9
  2135 | D:2      | Reached XP level 6. HP: 37/37 MP: 10/10
  2440 | D:3      | Found a hazy altar of Hepliaklqana.
  2596 | D:3      | Noticed Ijyb
  2841 | D:2      | Learned a level 3 spell: Conjure Flame
  2845 | D:2      | Learned a level 3 spell: Inner Flame
  2850 | D:2      | Learned a level 4 spell: Flame Wave
  3184 | D:4      | Noticed Pikel
  3814 | D:4      | Killed Pikel
  3815 | D:4      | Reached skill level 4 in Spellcasting
  3815 | D:4      | Reached skill level 1 in Hexes
  3815 | D:4      | Reached skill level 5 in Fire Magic
  3815 | D:4      | Reached XP level 7. HP: 42/42 MP: 1/13
  3951 | D:4      | Noticed Grinder
  3974 | D:4      | Killed Grinder
  3975 | D:4      | Reached skill level 5 in Stealth
  3975 | D:4      | Reached XP level 8. HP: 45/47 MP: 0/15
  4180 | D:4      | Reached skill level 5 in Spellcasting
  4888 | D:5      | Entered Level 5 of the Dungeon
  4939 | D:5      | Reached skill level 1 in Fighting
  5018 | D:5      | Found a snail-covered altar of Cheibriados.
  5098 | D:5      | Found Laguse's CLEARANCE SALE!.
  5120 | D:5      | Bought a scroll of brand weapon for 80 gold pieces
  5440 | D:5      | Noticed a wyvern
  5448 | D:5      | Killed a wyvern
  5449 | D:5      | Reached skill level 6 in Spellcasting
  5449 | D:5      | Reached XP level 9. HP: 53/53 MP: 12/18
  5506 | D:5      | Learned a level 2 spell: Scorch
  5510 | D:5      | Learned a level 3 spell: Mephitic Cloud
  5515 | D:5      | Learned a level 4 spell: Summon Ice Beast
  5595 | D:3      | Killed Ijyb
  5968 | D:6      | Reached skill level 1 in Poison Magic
  6037 | D:6      | Reached skill level 5 in Conjurations
  6307 | D:6      | Reached skill level 1 in Air Magic
  6367 | D:6      | Noticed Blork the orc
  6375 | D:6      | Killed Blork the orc
  6376 | D:6      | Reached skill level 7 in Spellcasting
  6840 | D:7      | Found a staircase to the Ecumenical Temple.
  6849 | Temple   | Entered the Ecumenical Temple
  6975 | Temple   | Became a worshipper of Sif Muna the Loreminder
  7034 | D:7      | Found a snail-covered altar of Cheibriados.
  7034 | D:7      | Found Cheibriados's Comfort Zone.
  7315 | D:7      | Found a blossoming altar of Fedhas.
  7348 | D:7      | Reached XP level 10. HP: 41/59 MP: 15/21
  7363 | D:7      | Reached skill level 1 in Staves
  7972 | D:8      | Noticed Grum
  7977 | D:8      | Killed Grum
  8166 | D:8      | Noticed Erica
  8178 | D:8      | Killed Erica
  8179 | D:8      | Reached skill level 8 in Spellcasting
  8402 | D:8      | Found a viscous altar of Jiyva.
  8563 | D:8      | Found Veha's Jewellery Boutique.
  8861 | D:7      | Bought the +3 hat of Pondering {ponderous, Will+ MP+10
                  | Int+5} for 457 gold pieces
  8861 | D:7      | Found the +3 hat of Pondering {ponderous, Will+ MP+10
                  | Int+5}
  9056 | D:9      | Reached * piety under Sif Muna
  9103 | D:9      | Found an ancient bone altar of Kikubaaqudgha.
  9105 | D:9      | Noticed Erolcha
  9121 | D:9      | Killed Erolcha
  9122 | D:9      | Reached skill level 9 in Spellcasting
  9122 | D:9      | Reached skill level 1 in Ice Magic
  9128 | D:9      | Reached XP level 11. HP: 52/63 MP: 12/24
  9328 | D:9      | Reached ** piety under Sif Muna
  9685 | D:9      | Found Pich's Mayhem Merchandise.
  9898 | D:10     | Entered Level 10 of the Dungeon
 10482 | D:10     | Noticed a two-headed ogre
 10508 | D:10     | Killed a two-headed ogre
 10509 | D:10     | Reached skill level 1 in Invocations
 10610 | D:10     | Found a staircase to the Lair.
 10768 | D:10     | Found a portal to a secret trove of treasure.
 10783 | D:10     | Identified 2 scrolls of acquirement
 10783 | D:10     | Acquired a +2 buckler of protection
 10805 | D:10     | Acquired 1074 gold pieces
 10849 | D:8      | Bought the ring of Piponohy {rF+ rCorr AC+4} for 778 gold
                  | pieces
 10849 | D:8      | Bought an amulet of reflection for 420 gold pieces
 10940 | Lair:1   | Entered Level 1 of the Lair of Beasts
 11146 | D:11     | Noticed a cyclops
 11150 | D:11     | Noticed a deep elf pyromancer
 11221 | D:10     | Learned a level 3 spell: Frozen Ramparts
 11371 | D:11     | Noticed Sonja
 11379 | D:11     | Killed Sonja
 11380 | D:11     | Reached skill level 10 in Spellcasting
 11438 | D:11     | Found a transporter.
 11445 | D:11     | Noticed a wizard
 11484 | D:11     | Noticed a centaur warrior
 11485 | D:11     | Noticed a two-headed ogre
 11488 | D:11     | Noticed a centaur warrior
 11599 | D:11     | Killed a cyclops
 11731 | D:11     | Noticed a manticore
 11742 | D:11     | Killed a manticore
 11840 | D:11     | Killed a deep elf pyromancer
 11841 | D:11     | Reached skill level 1 in Summonings
 11841 | D:11     | Reached skill level 10 in Fire Magic
 12109 | D:11     | Found a transporter.
 12119 | D:11     | Noticed TimeIsEndless's ghost (journeyman BaFi)
 12176 | D:11     | Found a staircase to the Orcish Mines.
 12413 | D:11     | Reached XP level 12. HP: 69/70 MP: 22/26
 13248 | D:12     | Noticed Rupert
 13269 | D:12     | Killed Rupert
 13503 | D:12     | Noticed a seven-headed hydra
 13508 | D:12     | Killed an eight-headed hydra
 13783 | D:12     | Noticed Frances
 13805 | D:12     | Killed Frances
 13806 | D:12     | Reached skill level 1 in Shields
 13806 | D:12     | Reached skill level 5 in Invocations
 14001 | D:12     | Noticed Nessos
 14031 | D:12     | Killed Nessos
 14122 | D:12     | Noticed a two-headed ogre
 14241 | D:12     | Killed a two-headed ogre
 14499 | D:13     | Reached skill level 11 in Spellcasting
 14499 | D:13     | Reached skill level 1 in Evocations
 14507 | D:13     | Noticed a death knight
 14662 | D:13     | Noticed a centaur warrior
 14669 | D:13     | Killed a centaur warrior
 14674 | D:13     | Noticed a centaur warrior
 14678 | D:13     | Killed a centaur warrior
 14686 | D:13     | Reached XP level 13. HP: 38/74 MP: 17/28
 15002 | D:13     | Reached *** piety under Sif Muna
 15856 | D:13     | Found a runed translucent gate.
 15856 | D:13     | Found a runed translucent gate.
 15856 | D:13     | Found a runed translucent gate.
 15861 | D:13     | Noticed Ginteh's ghost (journeyman OpVM)
 16086 | D:13     | Killed Ginteh's ghost
 16317 | D:8      | Bought a ring of magical power for 280 gold pieces
 17093 | Lair:1   | Acquired 402 gold pieces
 17856 | Lair:2   | Found a hole to the Spider Nest.
 18124 | Lair:2   | Reached skill level 12 in Spellcasting
 18327 | Lair:2   | Noticed Nergalle
 18344 | Lair:2   | Killed Nergalle
 19150 | Lair:3   | Noticed Urug
 19280 | Lair:2   | Identified the +12 chain mail of the Ward {rF++}
 19314 | Lair:3   | Reached **** piety under Sif Muna
 19338 | Lair:3   | Reached XP level 14. HP: 80/80 MP: 30/30
 19379 | Lair:3   | Learned a level 4 spell: Sticky Flame
 19383 | Lair:3   | Learned a level 3 spell: Ignite Poison
 19397 | Lair:3   | Reached skill level 5 in Hexes
 19414 | Lair:3   | Killed Urug
 19454 | Lair:3   | Found a dark tunnel.
 19470 | Volcano  | Entered a volcano
 20384 | Lair:3   | Found a staircase to the Swamp.
 20619 | Lair:3   | Acquired 812 gold pieces
 20626 | Lair:3   | Learned a level 4 spell: Hailstorm
 20767 | D:9      | Bought the Unrestrained Analects for 572 gold pieces
 20767 | D:9      | Bought a wand of iceblast (7) for 143 gold pieces
 21840 | Lair:4   | Found the +5 robe of Night {Dark Will+ SInv}
 21884 | Lair:4   | Reached skill level 10 in Conjurations
 21885 | Lair:4   | Reached ***** piety under Sif Muna
 23010 | Lair:5   | Reached skill level 13 in Spellcasting
 23176 | Lair:5   | Found a staircase to the Slime Pits.
 23435 | Lair:6   | Entered Level 6 of the Lair of Beasts
 23443 | Lair:6   | Received a gift from Sif Muna
 23457 | Lair:6   | Learned a level 4 spell: Olgreb's Toxic Radiance
 24255 | Lair:6   | Reached XP level 15. HP: 68/85 MP: 32/32
 24672 | Lair:6   | Found a runed translucent door.
 24863 | Lair:6   | Acquired 975 gold pieces
 25177 | Lair:6   | Received a gift from Sif Muna
 25178 | Lair:6   | Reached skill level 14 in Spellcasting
 25183 | Lair:6   | Reached skill level 5 in Poison Magic
 25189 | Lair:6   | Got Sif Muna's Almanac of Combat Magic {god gift}
 25841 | Lair:6   | Learned a level 4 spell: Iskenderun's Mystic Blast
 25857 | Lair:6   | Reached skill level 5 in Dodging
 26312 | Orc:1    | Entered Level 1 of the Orcish Mines
 26317 | Orc:1    | Noticed Snorg
 26320 | Orc:1    | Killed Snorg
 26320 | Orc:1    | Noticed Harold
 26326 | Orc:1    | Killed Harold
 26629 | Orc:2    | Entered Level 2 of the Orcish Mines
 27024 | Orc:2    | Received a gift from Sif Muna
 27041 | Orc:2    | Got Sif Muna's Grimoire of Sinister Rituals {god gift}
 27529 | Orc:2    | Found Loawnuysk's General Store.
 27529 | Orc:2    | Found Femextab's Book Shop.
 27533 | Orc:2    | Found Syzxeah's Assorted Antiques.
 27533 | Orc:2    | Found Gatir's Jewellery Shoppe.
 27542 | Orc:2    | Bought the ring "Gyceqeti" {Wiz rF+ SInv} for 578 gold
                  | pieces
 27612 | Orc:2    | Found a staircase to the Elven Halls.
 27761 | Orc:2    | Found a radiant altar of Vehumet.
 28097 | Orc:1    | Found Saqomp's General Store.
 28098 | Orc:1    | Noticed Josephine
 28111 | Orc:1    | Killed Josephine
 28250 | Orc:1    | Bought a book of Fire for 660 gold pieces
 28516 | D:11     | Learned a level 8 spell: Ignition
 28854 | D:11     | Reached skill level 1 in Transmutations
 28866 | D:11     | Killed TimeIsEndless's ghost
 29091 | D:11     | Identified the +6 mace of Bread {speed, rElec rPois Will+++
                  | Int-5}
 29548 | D:14     | Reached skill level 1 in Translocations
 29618 | D:14     | Found Zietu's Weapon Emporium.
 29648 | D:14     | Reached XP level 16. HP: 25/91 MP: 34/34
 29665 | D:15     | Entered Level 15 of the Dungeon
 30056 | D:14     | Found a sacrificial altar of Ru.
 30342 | D:14     | Found a gate to the Vaults.
 30569 | D:14     | Found Riurghieps's General Store.
 30600 | D:14     | Reached skill level 15 in Spellcasting
 30801 | D:14     | Found Deuf's Magic Scroll Emporium.
 30815 | D:14     | Bought a scroll of acquirement for 780 gold pieces
 30817 | D:14     | Acquired the ring "Boit" {Fly rElec Str+6 Int-2 Dex+6}
 31037 | D:14     | Found Boef's Book Shoppe.
 31375 | D:14     | Received a gift from Sif Muna
 31398 | D:14     | Got Sif Muna's Catalogue of Excruciating Malediction {god
                  | gift}
 31615 | D:14     | Got Kuluoph's Reference Book on Contamination
 32340 | D:15     | Found a staircase to the Depths.
 33031 | D:15     | Identified the +10 short sword "Edau" {vorpal, rN+ Int+3}
 33552 | Slime:1  | Entered Level 1 of the Pits of Slime
 33568 | Slime:1  | Noticed an acid blob
 33576 | Slime:1  | Killed an acid blob
 33737 | Slime:2  | Noticed an azure jelly
 33743 | Slime:2  | Killed an azure jelly
 34069 | Swamp:1  | Entered Level 1 of the Swamp
 34069 | Swamp:1  | Noticed Jorgrun
 34072 | Swamp:1  | Noticed a tentacled monstrosity
 34076 | Swamp:1  | Killed Jorgrun
 34077 | Swamp:1  | Reached skill level 15 in Fire Magic
 34090 | Swamp:1  | Killed a tentacled monstrosity
 34593 | Spider:1 | Entered Level 1 of the Spider Nest
 34593 | Spider:1 | Found a frozen archway.
 34602 | IceCv    | Entered an ice cave
 34650 | IceCv    | Reached skill level 16 in Spellcasting
 34650 | IceCv    | Reached XP level 17. HP: 78/97 MP: 35/37
 35023 | IceCv    | HP: 2/97 [ironbound frostheart/creeping frost (26)]
 35025 | IceCv    | Killed from afar by an ironbound frostheart

Illustrated notes

Levels and vault maps discovered:
D:1:      zelgadis_glass_arrival_small, layout_basic,
          ebering_ecumenical_altar_sacrificial, minmay_ruptured
D:2:      layout_rooms, uniq_sigmund
D:3:      layout_basic, nicolae_hepliaklqana_hippocampus, uniq_ijyb
D:4:      layout_layer_cave, grunt_decor_one_mirror, grunt_ministairs_14,
          minmay_circle_x, uniq_pikel, uniq_grinder
D:5:      layout_basic, kennysheep_slug_shrine, chequers_garden,
          serial_bayou_pond_b, nicolae_shop_clearance
D:6:      layout_basic, serial_rivers, chequers_serial_rivers_micro_e,
          chequers_serial_rivers_micro_c, chequers_serial_rivers_micro_d,
          chequers_serial_rivers_micro_a, chequers_serial_rivers_micro_c,
          minmay_misc_feat_rugged, minmay_statues_item, uniq_blork_the_orc
D:7:      layout_loops_ring, fedhas_altar_3, minmay_temple_entry_water_ring,
          minmay_shop_chei, grunt_ogre_cave
D:8:      layout_cave_pools, serial_shops,
          nicolae_shop_temple_entry_statues_fountains, jiyva_altar_1, uniq_grum,
          uniq_erica
D:9:      layout_cave_pools, mainiacjoe_overflow_surrounded_room, minivault_4,
          minmay_shop_mayhem, uniq_erolcha
D:10:     layout_rooms, lair_entry_dummy, nicolae_trove_entry_columns
D:11:     layout_stronghold, hiddenorc1_lemuel, nzn_ghost_randoct, uniq_sonja
D:12:     layout_roguey, serial_bayou_pond_b, uniq_rupert, uniq_frances,
          uniq_nessos
D:13:     layout_loops_ring, ebering_ghost_rock_garden
D:14:     lemuel_ogre_cave, layout_loops_ring,
          hangedman_vaults_entry_quadrant_bands, serial_shops, shop, shop,
          nicolae_shop_window_shopping, shop, minmay_tree_intersection,
          nicolae_ru_path_of_blood
D:15:     gammafunk_enter_depths_forms, layout_irregular_city
Temple:   hc_temple_tempest_star
Lair:1:   layout_gridlike
Lair:2:   layout_long_grid, spider_nest_entry_a, uniq_nergalle
Lair:3:   layout_chaotic_city, palyth_hydra_swamp_entry,
          nicolae_volcano_entry_lava_flow, beast_lair_carwin_4, uniq_urug
Lair:4:   layout_loops_ring
Lair:5:   dpeg_oklob_gauntlet, layout_regular_city, slime_dummy
Lair:6:   hangedman_lair_caniforms_friends, layout_misc_corridors, wormcave
Swamp:1:  layout_basic_swamp, gammafunk_ghost_arena,
          evilmike_swamp_ruin_rubble_1, swamp_pool1,
          nicolae_swamp_soggy_hallways, uniq_jorgrun
Spider:1: layout_spider_delve, portal_ice_cave_entry_pillars_2
Slime:1:  layout_caves
Slime:2:  layout_caves
Orc:1:    layout_caves, serial_shops, nicolae_lakefront_shop, basic_altar,
          uniq_josephine, uniq_snorg, uniq_harold
Orc:2:    grunt_orc_tribal_feast, layout_caves, basic_altar
IceCv:    ice_cave_small_giant

Skill      XL: |  1  2  3  4  5  6  7  8  9 10 11 12 13 14 15 16 |
---------------+-------------------------------------------------+-----
Stealth        | 3 4 5 6 7 |  7.2
Short Blades   | 1 2 3 |  3.3
Spellcasting   | 3 4 6 7 9 10 11 12 13 14 16 | 16.0
Conjurations   | 2 3 4 5 6 8 9 10 11 | 11.5
Fire Magic     | 4 5 6 7 8 10 12 13 15 | 15.3
Hexes          | 1 2 3 4 5 |  5.7
Fighting       | 1 2 |  2.6
Poison Magic   | 1 2 3 4 6 |  6.4
Air Magic      | 1 2 3 4 |  4.0
Dodging        | 3 4 5 |  5.8
Staves         | 1 2 |  2.5
Ice Magic      | 1 2 3 4 |  4.2
Invocations    | 2 6 7 8 9 |  9.0
Summonings     | 1 2 |  2.2
Shields        | 1 2 3 4 |  4.3
Evocations     | 1 |  1.9
Transmutations | 1 |  1.5
Translocations | 1 |  1.1

Action                   |  1- 3 |  4- 6 |  7- 9 | 10-12 | 13-15 | 16-18 || total
-------------------------+-------+-------+-------+-------+-------+-------++-------
Melee: Unarmed           |     8 |       |       |       |       |       ||     8
       Constrict         |     5 |     3 |     7 |     4 |    28 |     6 ||    53
       Tentacles         |     3 |     3 |     5 |     3 |    22 |    15 ||    51
       Dagger            |     9 |     3 |       |       |       |    32 ||    44
       Short sword       |       |    13 |    13 |     4 |    32 |       ||    62
       Staff             |       |       |     8 |    19 |    91 |    26 ||   144
 Cast: Foxfire           |    57 |    79 |   134 |   312 |   480 |    62 ||  1124
       Inner Flame       |       |     5 |    20 |    45 |    99 |    12 ||   181
       Conjure Flame     |       |     3 |     3 |     8 |     3 |     3 ||    20
       Flame Wave        |       |       |     5 |    22 |    52 |    32 ||   111
       Mephitic Cloud    |       |       |     7 |    41 |    32 |    22 ||   102
       Summon Ice Beast  |       |       |     1 |    14 |    17 |       ||    32
       Scorch            |       |       |       |    11 |    13 |    19 ||    43
       Frozen Ramparts   |       |       |       |     1 |     5 |       ||     6
       Olgreb's Toxic Ra |       |       |       |       |    40 |    24 ||    64
       Ignite Poison     |       |       |       |       |    28 |    19 ||    47
       Hailstorm         |       |       |       |       |    21 |     9 ||    30
       Sticky Flame      |       |       |       |       |     5 |     1 ||     6
       Iskenderun's Myst |       |       |       |       |    19 |    13 ||    32
       Ignition          |       |       |       |       |       |    23 ||    23
Invok: Channel Magic     |       |       |       |     1 |     2 |     2 ||     5
Evoke: Wand              |       |       |       |     9 |     7 |     2 ||    18
  Use: Scroll            |       |     3 |     1 |    11 |    19 |     3 ||    37
       Potion            |       |     2 |       |     6 |     3 |     5 ||    16
 Stab: Sleeping          |     3 |     4 |     2 |     3 |     1 |       ||    13
       Confused          |       |       |       |     2 |     4 |     4 ||    10
Armor: Skin              |     4 |     1 |     5 |    15 |    82 |    33 ||   140
Dodge: Dodged            |    29 |    29 |    34 |   106 |   192 |    50 ||   440
Block: Buckler           |       |       |       |    28 |   166 |    68 ||   262
       Reflection        |       |       |       |     7 |     7 |    21 ||    35

Table legend: (Time is in decaauts)
 A = Elapsed time spent in this place.
 B = Non-inter-level travel time spent in this place.
 C = Inter-level travel time spent in this place.
 D = Time resting spent in this place.
 E = Time spent auto-exploring this place.
 F = Levels seen in this place.
 G = Mean time per level.
                   A        B        C        D        E       F      G
               +--------+--------+--------+--------+--------+-----+--------+
         Total |  36385 |  34048 |   2337 |   5944 |  19404 |  30 | 1212.8 |
       Dungeon |  22026 |  20479 |   1547 |   3666 |  11741 |  15 | 1468.4 |
        Temple |    147 |    126 |     21 |      0 |    108 |   1 |  147.0 |
          Lair |  10184 |   9418 |    766 |    783 |   6368 |   6 | 1697.3 |
         Swamp |    223 |    223 |      0 |    144 |     31 |   1 |  223.0 |
   Spider Nest |      9 |      9 |      0 |      0 |      0 |   1 |    9.0 |
    Slime Pits |    397 |    397 |      0 |    197 |    122 |   2 |  198.5 |
  Orcish Mines |   2311 |   2311 |      0 |    508 |    915 |   2 | 1155.5 |
      Ice Cave |    433 |    433 |      0 |    287 |      0 |   1 |  433.0 |
       Volcano |    652 |    652 |      0 |    359 |    117 |   1 |  652.0 |
               +--------+--------+--------+--------+--------+-----+--------+

Top non-repeatable levels by time:
    D:11: 2629 daAuts
  Lair:6: 2562 daAuts
    D:14: 2379 daAuts
  Lair:2: 1879 daAuts
    D:12: 1736 daAuts
     D:4: 1726 daAuts
    D:13: 1721 daAuts
    D:15: 1704 daAuts
  Lair:3: 1657 daAuts
    D:10: 1581 daAuts
  Lair:4: 1563 daAuts
  Lair:1: 1354 daAuts
     D:2: 1291 daAuts
     D:1: 1213 daAuts
   Orc:1: 1200 daAuts
